 Dungeon Crawl Stone Soup version 0.19.6-3-g7d5932f76a (webtiles) character file.

369 spinningbullet the Magician (level 6, 0/32 HPs)
             Began as a Deep Elf Wizard on Jan 25, 2024.
             Slain by a killer bee zombie (5 damage)
             ... on level 5 of the Dungeon.
             The game lasted 00:55:43 (4911 turns).

spinningbullet the Magician (Deep Elf Wizard)       Turns: 4911, Time: 00:55:44

Health: 0/32       AC:  6    Str:  4    XL:     6   Next: 41%
Magic:  17/17      EV: 15    Int: 25    God:
Gold:   281        SH:  0    Dex: 13    Spells: 5 memorised, 9 levels left

rFire  . . .     SeeInvis .     j - +1 dagger (drain)
rCold  . . .     Gourm    .     t - +0 leather armour
rNeg   . . .     Faith    .     (no shield)
rPois  .         Spirit   .     b - +0 hat
rElec  .         Reflect  .     (no cloak)
rCorr  .         Harm     .     (no gloves)
MR     +....                    n - +2 pair of boots {Fly}
Stlth  ++........               I - amulet of regeneration
                                E - +3 ring of evasion
                                s - ring of protection from magic

@: flying, very slightly contaminated
A: no striking features
a: Stop Flying


You were on level 5 of the Dungeon.
You were not hungry.

You visited 1 branch of the dungeon, and saw 6 of its levels.

You collected 281 gold pieces.

Inventory:

Hand Weapons
 f - a +0 dagger
 j - a +1 dagger of draining (weapon)
 p - a cursed -3 dagger
 B - a +0 short sword of venom
 K - a cursed +0 hand crossbow
Armour
 a - a +0 robe
 b - a +0 hat (worn)
 n - a +2 pair of boots of flying (worn)
 t - a +0 leather armour (worn)
Jewellery
 s - a ring of protection from magic (left hand)
 E - a +3 ring of evasion (right hand)
 I - an amulet of regeneration (around neck)
Wands
 H - a wand of flame (31/48)
 J - a wand of slowing (12/48)
Scrolls
 i - a scroll of magic mapping {unknown}
 k - 2 scrolls of enchant armour
 m - 4 scrolls of remove curse
 o - a scroll of immolation {unknown}
 q - 2 scrolls of teleportation
 r - a scroll of identify
 u - a scroll of random uselessness {unknown}
 y - 2 scrolls of enchant weapon {unknown}
 A - a scroll of fog {unknown}
 D - a scroll of amnesia {unknown}
 G - a scroll of recharging {unknown}
 L - a scroll of fear {unknown}
Potions
 e - a potion of haste
 l - a potion of mutation {unknown}
 v - a potion of agility {unknown}
 w - 2 potions of curing
 z - a potion of might {unknown}
 C - a potion of resistance {unknown}
Books
 c - a book of Minor Magic

   Spells                             Type                      Level
   a - Magic Dart                     Conjuration                  1
   b - Blink                          Translocation                2
   c - Call Imp                       Summoning                    2
   d - Repel Missiles                 Charms/Air                   2
   e - Slow                           Hexes                        2
   f - Conjure Flame                  Conjuration/Fire             3
   g - Mephitic Cloud                 Conjuration/Poison/Air       3
 F - a book of Maledictions

   Spells                             Type                      Level
   a - Corona                         Hexes                        1
   b - Ensorcelled Hibernation        Hexes/Ice                    2
   c - Confuse                        Hexes                        3
   d - Tukima's Dance                 Hexes                        3
   e - Dazzling Spray                 Conjuration/Hexes            3
Comestibles
 d - 4 bread rations
 g - 5 meat rations
 h - 2 beef jerkies
 x - 3 fruits
 M - a royal jelly


   Skills:
 + Level 0.2 Fighting
 + Level 1.7 Armour
 + Level 3.0 Dodging
 * Level 4.1 Stealth
 - Level 6.7 Spellcasting
 + Level 3.6 Conjurations
 - Level 1.2 Summonings
 - Level 1.5 Translocations


You had 9 spell levels left.
You knew the following spells:

 Your Spells              Type           Power        Failure   Level  Hunger
a - Magic Dart            Conj           ####         2%          1    None
b - Blink                 Tloc           N/A          12%         2    None
c - Slow                  Hex            #.......     21%         2    None
d - Call Imp              Summ           ##......     14%         2    None
e - Ensorcelled Hibernat  Hex/Ice        #.....       21%         2    None


Dungeon Overview and Level Annotations

Branches:
Dungeon (6/15)
 Temple: D:4-7

Altars:
Ashenzari
Dithmenos
Fedhas
Qazlal
Ru
Trog

Shops:
D:4 [

Annotations:
D:2 Crazy Yiuf


Message History

The orc wizard shouts!
The killer bee zombie hits you. x2
The killer bee zombie hits you.
The orc wizard mumbles some strange words.
The orc wizard seems to speed up.
The orc wizard miscasts a cantrip.
The killer bee zombie closely misses you.
The orc priest looks encouraged for a moment.
The killer bee zombie closely misses you.
The orc priest calls down the wrath of Beogh upon you.
Beogh smites you!
* * * LOW HITPOINT WARNING * * *
The killer bee zombie misses you.
The killer bee zombie barely misses you.
The killer bee zombie hits you.
* * * LOW HITPOINT WARNING * * *
The killer bee zombie hits you.
* * * LOW HITPOINT WARNING * * *
The killer bee zombie hits you.
You die...

...##...Y.............##>...###
......####......#......###....#
......#........ #.#.....##..#.###
........ #...####.##.....##.#....
.o....# #...#.....#.....##.####.
......####.#.......#......#..###.
...>..##o...o......#.............
.....o.....##..a...#......##.###.
.......##.####.Z@..#._.....#.###.
......###.# #####...............
....... ..# ##..............
......##### ##.............
......# #.<........... ......#
######........ ......# #........
#........ #........


You could see a worker ant, an orc wizard and a killer bee zombie.

Vanquished Creatures
  A jelly (D:4)
  2 hounds
  An orc priest (D:3)
  A centaur skeleton (D:4)
  A worker ant (D:4)
  7 adders
  3 worms (D:3)
  2 dart slugs (D:1)
  3 leopard geckos
  6 orcs
  5 giant cockroaches
  4 goblins
  8 hobgoblins
  6 jackals
  A quokka (D:6)
  6 bats
  5 frilled lizards
  9 kobolds
  A quokka skeleton (D:4)
  6 rats
78 creatures vanquished.

Vanquished Creatures (collateral kills)
  A crimson imp (D:6)
  An orc wizard (D:5)
  A worker ant (D:4)
  An adder (D:2)
4 creatures vanquished.

Grand Total: 82 creatures vanquished

Notes
Turn   | Place    | Note
-------+----------+-------------------------------------------
     0 | D:1      | spinningbullet the Deep Elf Wizard began the quest for the Orb.
     0 | D:1      | Reached XP level 1. HP: 10/10 MP: 7/7
   575 | D:1      | Reached XP level 2. HP: 15/15 MP: 6/9
   851 | D:2      | Reached skill level 5 in Spellcasting
  1070 | D:1      | Reached XP level 3. HP: 16/19 MP: 1/12
  1333 | D:1      | Learned a level 2 spell: Blink
  1336 | D:1      | Learned a level 2 spell: Slow
  1339 | D:1      | Learned a level 2 spell: Call Imp
  1802 | D:2      | Found a runed door.
  1806 | D:2      | Noticed Crazy Yiuf
  2043 | D:3      | Reached XP level 4. HP: 22/24 MP: 5/13
  2116 | D:3      | Found a blossoming altar of Fedhas.
  2197 | D:3      | Found a bloodstained altar of Trog.
  2313 | D:3      | Found a shattered altar of Ashenzari.
  2313 | D:3      | Found a stormy altar of Qazlal.
  2313 | D:3      | Found a sacrificial altar of Ru.
  2486 | D:3      | Reached skill level 6 in Spellcasting
  2864 | D:3      | Learned a level 2 spell: Ensorcelled Hibernation
  3136 | D:4      | Reached skill level 1 in Armour
  3136 | D:4      | Reached XP level 5. HP: 28/28 MP: 4/15
  3213 | D:4      | Found a shattered altar of Ashenzari.
  3368 | D:5      | Entered Level 5 of the Dungeon
  3864 | D:4      | Reached XP level 6. HP: 27/32 MP: 8/17
  3974 | D:4      | Found Uhofuz's Armour Shop.
  4171 | D:5      | Noticed a sky beast
  4293 | D:5      | Found a shadowy altar of Dithmenos.
  4911 | D:5      | Slain by a killer bee zombie

Skill      XL: |  1  2  3  4  5 |
---------------+----------------+-----
Spellcasting   | 5 6 |  6.7
Stealth        | 3 4 |  4.1
Conjurations   | 2 3 |  3.6
Armour         | 1 |  1.7
Dodging        | 3 |  3.0
Fighting       | |  0.2
Summonings     | |  1.2
Translocations | |  1.5

Action                   |  1- 3 |  4- 6 || total
-------------------------+-------+-------++-------
Melee: Dagger            |     8 |     1 ||     9
 Cast: Magic Dart        |    90 |   140 ||   230
       Call Imp          |     1 |    11 ||    12
       Blink             |       |     6 ||     6
  Use: Scroll            |     3 |     4 ||     7
       Potion            |       |     2 ||     2
  Eat: Bread ration      |     1 |     1 ||     2
       Meat ration       |       |     1 ||     1
Armor: Leather armour    |    17 |    25 ||    42
Dodge: Dodged            |    37 |    52 ||    89
